PAA
RENO SILVER SOX @ MERCER ISLAND SCREAMING EAGLES
07/25/2034
 
TOP OF THE 1ST
Reno Silver Sox batting - Pitching for Mercer Island Screaming Eagles : RHP Dan Taylor
Pitching: RHP Dan Taylor
Batting: LHB Luis Aranda 0-0: Ball
1-0: Ball
2-0: Ball
3-0: Called Strike
3-1: Called Strike
3-2: Ground out 4-3 (Groundball, 4)
Batting: RHB Spartak Gonjarov 0-0: Called Strike
0-1: DOUBLE (Flyball, 78XD)
Batting: RHB Rob Brooks 0-0: Ball
1-0: Ball
2-0: Called Strike
2-1: Ball
3-1: Ground out 3-1 (Groundball, 34)
Spartak Gonjarov to third
Batting: RHB Jong-beom Chang 0-0: Called Strike
0-1: Ball
1-1: Foul Ball, location: 2F
1-2: Ball
2-2: Ball
3-2: Foul Ball, location: 2F
3-2: Foul Ball, location: 2F
3-2: Fly out, F6 (Popup, 4MD)
Top of the 1st over - 0 runs, 1 hit, 0 errors, 1 left on base; Reno 0 - Mercer Island 0
BOTTOM OF THE 1ST
Mercer Island Screaming Eagles batting - Pitching for Reno Silver Sox : LHP Dale Snider
Pitching: LHP Dale Snider
Batting: RHB Alfredo García 0-0: Ball
1-0: Ball
2-0: Called Strike
2-1: SINGLE (Line Drive, 9S)
Batting: SHB Serious Lee 0-0: Called Strike
0-1: Swinging Strike
0-2: Ball
1-2: Grounds into double play, 6-4-3 (Groundball, 6)
Batting: SHB Jeffery Simpson 0-0: Ball
1-0: Foul Ball, location: 2F
1-1: Ground out 1-3 (Groundball, 15)
Bottom of the 1st over - 0 runs, 1 hit, 0 errors, 0 left on base; Reno 0 - Mercer Island 0
TOP OF THE 2ND
Reno Silver Sox batting - Pitching for Mercer Island Screaming Eagles : RHP Dan Taylor
Batting: RHB Roy Burns 0-0: Ball
1-0: Ball
2-0: Ball
3-0: Base on Balls
Batting: RHB Juan Laguna 0-0: Called Strike
0-1: Called Strike
0-2: Ball
1-2: Strikes out looking
Batting: RHB Jean Lechuga 0-0: Ball
1-0: Ball
2-0: Swinging Strike
2-1: Swinging Strike
2-2: Strikes out swinging
Batting: RHB Carlos González 0-0: Ball
1-0: Ground out 6-3 (Groundball, 56D)
Top of the 2nd over - 0 runs, 0 hits, 0 errors, 1 left on base; Reno 0 - Mercer Island 0
BOTTOM OF THE 2ND
Mercer Island Screaming Eagles batting - Pitching for Reno Silver Sox : LHP Dale Snider
Batting: RHB Bart Goodine 0-0: Ball
1-0: Called Strike
1-1: Ball
2-1: SINGLE (Groundball, 6MD)
Batting: RHB Rubén Vásquez 0-0: Called Strike
0-1: Ball
1-1: Ball
2-1: Foul Ball, location: 2F
2-2: Foul Ball, location: 2F
2-2: Ball
3-2: Fly out, F6 (Popup, 56D)
Batting: RHB Juan Reyes 0-0: Swinging Strike
0-1: Ball
1-1: Swinging Strike
1-2: Strikes out swinging
Batting: SHB Jason Graham 0-0: Ball
1-0: Called Strike
1-1: Called Strike
1-2: Ball
2-2: Foul Ball, location: 2F
2-2: Strikes out swinging
Bottom of the 2nd over - 0 runs, 1 hit, 0 errors, 1 left on base; Reno 0 - Mercer Island 0
TOP OF THE 3RD
Reno Silver Sox batting - Pitching for Mercer Island Screaming Eagles : RHP Dan Taylor
Batting: RHB Armando Romero 0-0: Called Strike
0-1: Called Strike
0-2: Foul Ball, location: 2F
0-2: Strikes out looking
Batting: LHB Luis Aranda 0-0: Ground out 6-3 (Groundball, 6M)
Batting: RHB Spartak Gonjarov 0-0: Ball
1-0: Ball
2-0: Ball
3-0: Called Strike
3-1: DOUBLE (Line Drive, 9D)
Batting: RHB Rob Brooks 0-0: Called Strike
0-1: Called Strike
0-2: Ball
1-2: Ground out 4-3 (Groundball, 4)
Top of the 3rd over - 0 runs, 1 hit, 0 errors, 1 left on base; Reno 0 - Mercer Island 0
BOTTOM OF THE 3RD
Mercer Island Screaming Eagles batting - Pitching for Reno Silver Sox : LHP Dale Snider
Batting: RHB Oliver Burrell 0-0: Fly out, F8 (Flyball, 8RXD)
Batting: RHB Ed Bowers 0-0: Ball
1-0: SINGLE (Flyball, 78M)
Batting: RHB Alfredo García 0-0: Called Strike
0-1: Foul Ball, location: 2F
0-2: Reached on error, E6 (Groundball, 6)
Ed Bowers to second
Batting: SHB Serious Lee 0-0: DOUBLE (Line Drive, 8RD)
Ed Bowers scores
Alfredo García to third
Batting: SHB Jeffery Simpson 0-0: Fly out, F4 (Popup, 4M)
Batting: RHB Bart Goodine 0-0: Ball
1-0: Ball
2-0: Called Strike
2-1: Foul Ball, location: 2F
2-2: Strikes out swinging
Bottom of the 3rd over - 1 run, 2 hits, 1 error, 2 left on base; Reno 0 - Mercer Island 1
TOP OF THE 4TH
Reno Silver Sox batting - Pitching for Mercer Island Screaming Eagles : RHP Dan Taylor
Batting: RHB Jong-beom Chang 0-0: Foul Ball, location: 2F
0-1: Foul Ball, location: 2F
0-2: Ball
1-2: Ball
2-2: Ball
3-2: Fly out, F8 (Flyball, 78XD)
Batting: RHB Roy Burns 0-0: Foul Ball, location: 2F
0-1: Ball
1-1: Ball
2-1: Called Strike
2-2: Ground out 1-3 (Groundball, 13)
Batting: RHB Juan Laguna 0-0: Called Strike
0-1: Foul Ball, location: 2F
0-2: Foul Ball, location: 2F
0-2: Ball
1-2: Foul Ball, location: 2F
1-2: Ball
2-2: Ball
3-2: Foul Ball, location: 2F
3-2: DOUBLE (Flyball, 78XD)
Batting: RHB Jean Lechuga 0-0: Called Strike
0-1: Swinging Strike
0-2: Foul Ball, location: 2F
0-2: Foul Ball, location: 2F
0-2: Ball
1-2: Fly out, F8 (Flyball, 8RD)
Top of the 4th over - 0 runs, 1 hit, 0 errors, 1 left on base; Reno 0 - Mercer Island 1
BOTTOM OF THE 4TH
Mercer Island Screaming Eagles batting - Pitching for Reno Silver Sox : LHP Dale Snider
Batting: RHB Rubén Vásquez 0-0: Called Strike
0-1: Ground out 1-3 (Groundball, P)
Batting: RHB Juan Reyes 0-0: Called Strike
0-1: Ball
1-1: Ball
2-1: SOLO HOME RUN (Flyball, 78XD), Distance : 438 ft
Batting: SHB Jason Graham 0-0: Ball
1-0: SINGLE (Flyball, 8LS)
Batting: RHB Oliver Burrell 0-0: Called Strike
0-1: Ball
1-1: Fly out, F8 (Flyball, 8LXD)
Batting: RHB Ed Bowers 0-0: Swinging Strike
0-1: Ball
1-1: Ball
2-1: TRIPLE (Line Drive, 9LD)
Jason Graham scores
Batting: RHB Alfredo García 0-0: Ground out 6-3 (Groundball, 6)
Bottom of the 4th over - 2 runs, 3 hits, 0 errors, 1 left on base; Reno 0 - Mercer Island 3
TOP OF THE 5TH
Reno Silver Sox batting - Pitching for Mercer Island Screaming Eagles : RHP Dan Taylor
Batting: RHB Carlos González 0-0: Fly out, F6 (Popup, 6MD)
Batting: RHB Armando Romero 0-0: Foul Ball, location: 2F
0-1: Fly out, F4 (Popup, 23)
Batting: LHB Luis Aranda 0-0: Ball
1-0: Ball
2-0: Swinging Strike
2-1: Ground out 4-3 (Groundball, 4S)
Top of the 5th over - 0 runs, 0 hits, 0 errors, 0 left on base; Reno 0 - Mercer Island 3
BOTTOM OF THE 5TH
Mercer Island Screaming Eagles batting - Pitching for Reno Silver Sox : LHP Dale Snider
Batting: SHB Serious Lee 0-0: Ball
1-0: Ball
2-0: Foul Ball, location: 2F
2-1: Foul Ball, location: 2F
2-2: SOLO HOME RUN (Flyball, 7D), Distance : 394 ft
Batting: SHB Jeffery Simpson 0-0: Ball
1-0: Ball
2-0: Foul Ball, location: 2F
2-1: Ground out 4-3 (Groundball, 4MS)
Batting: RHB Bart Goodine 0-0: Foul Ball, location: 2F
0-1: Ball
1-1: Ball
2-1: Ball
3-1: Foul Ball, location: 2F
3-2: Foul Ball, location: 2F
3-2: Fly out, F8 (Flyball, 8RS)
Batting: RHB Rubén Vásquez 0-0: Ball
1-0: Ground out 6-3 (Groundball, 6)
Bottom of the 5th over - 1 run, 1 hit, 0 errors, 0 left on base; Reno 0 - Mercer Island 4
TOP OF THE 6TH
Reno Silver Sox batting - Pitching for Mercer Island Screaming Eagles : RHP Dan Taylor
Batting: RHB Spartak Gonjarov 0-0: Ball
1-0: Foul Ball, location: 2F
1-1: Ball
2-1: Fly out, F8 (Flyball, 8RM)
Batting: RHB Rob Brooks 0-0: DOUBLE (Flyball, 78D)
Batting: RHB Jong-beom Chang 0-0: Called Strike
0-1: Ball
1-1: Foul Ball, location: 2F
1-2: Ball
2-2: Strikes out looking
Pitching: LHP Luis Oropeza
Batting: RHB Roy Burns 0-0: Ball
1-0: Called Strike
1-1: SINGLE (Line Drive, 8LS)
Rob Brooks to third
Runner from 3rd tries for Home, SAFE, throw made home
Batting: RHB Juan Laguna 0-0: Foul Ball, location: 2F
0-1: Ball
1-1: Ball
2-1: Foul Ball, location: 2F
2-2: Ball
3-2: Fly out, F3 (Popup, 34S)
Top of the 6th over - 1 run, 2 hits, 0 errors, 1 left on base; Reno 1 - Mercer Island 4
BOTTOM OF THE 6TH
Mercer Island Screaming Eagles batting - Pitching for Reno Silver Sox : LHP Dale Snider
Batting: RHB Juan Reyes 0-0: Swinging Strike
0-1: Ball
1-1: Foul Ball, location: 2F
1-2: Foul Ball, location: 2F
1-2: Foul Ball, location: 2F
1-2: Reached on error, E1 (Groundball, P)
Batting: SHB Jason Graham 0-0: Ball
1-0: Ball
2-0: Called Strike
2-1: Ground out 1-3 (Groundball, 13)
Juan Reyes to third
Batting: RHB Oliver Burrell 0-0: Ball
1-0: SINGLE (Flyball, 34D)
Juan Reyes scores
Batting: RHB Ed Bowers 0-0: Ball
1-0: Ball
2-0: Called Strike
2-1: SINGLE (Line Drive, 7S)
Oliver Burrell to second
Pitching: LHP Jim Gunther
Batting: RHB Alfredo García 0-0: Called Strike
0-1: Reached on error, E5 (Groundball, 56)
Oliver Burrell to third
Ed Bowers to second
Batting: SHB Serious Lee 0-0: Ball
1-0: Fly out, F8 (Flyball, 8RD)
Runner from 3rd tags up, SCORES, throw made
Batting: SHB Jeffery Simpson 0-0: Ball
1-0: Foul Ball, location: 2F
1-1: Ball
2-1: Ball
3-1: Fly out, F6 (Line Drive, 6)
Bottom of the 6th over - 2 runs, 2 hits, 2 errors, 2 left on base; Reno 1 - Mercer Island 6
TOP OF THE 7TH
Reno Silver Sox batting - Pitching for Mercer Island Screaming Eagles : LHP Luis Oropeza
Batting: RHB Jean Lechuga 0-0: Hit by Pitch
Batting: RHB Carlos González 0-0: Ball
1-0: Called Strike
1-1: Ball
2-1: Ball
3-1: Base on Balls
Jean Lechuga to second
Batting: RHB Armando Romero 0-0: Ball
1-0: Ball
2-0: Ball
3-0: Base on Balls
Jean Lechuga to third
Carlos González to second
Batting: LHB Luis Aranda 0-0: Ball
1-0: Foul Ball, location: 2F
1-1: Called Strike
1-2: SINGLE (Groundball, 34) (infield hit)
Jean Lechuga scores
Carlos González to third
Armando Romero to second
Batting: RHB Spartak Gonjarov 0-0: Ball
1-0: Ball
2-0: Ground out 4-3 (Groundball, 4S)
Carlos González scores
Armando Romero to third
Luis Aranda to second
Batting: RHB Rob Brooks 0-0: SINGLE (Flyball, 9S)
Armando Romero scores
Luis Aranda to third
Pitching: RHP Tim Nesheim
Batting: RHB Jong-beom Chang 0-0: Foul Ball, location: 2F
0-1: Ball
Rob Brooks is caught stealing 2nd base
1-1: Single, Error in OF, E9, batter to second base
Luis Aranda scores
Batting: RHB Roy Burns 0-0: Ball
1-0: Called Strike
1-1: Ball
2-1: Fly out, F7 (Flyball, 7S)
Top of the 7th over - 4 runs, 3 hits, 1 error, 1 left on base; Reno 5 - Mercer Island 6
BOTTOM OF THE 7TH
Mercer Island Screaming Eagles batting - Pitching for Reno Silver Sox : LHP Jim Gunther
Batting: RHB Bart Goodine 0-0: Fly out, F8 (Line Drive, 78XD)
Batting: RHB Rubén Vásquez 0-0: Foul Ball, location: 2F
0-1: Ball
1-1: Fly out, F8 (Flyball, 8LS)
Batting: RHB Juan Reyes 0-0: Ball
1-0: Foul Ball, location: 2F
1-1: Ball
2-1: Ground out 5-3 (Groundball, 56)
Bottom of the 7th over - 0 runs, 0 hits, 0 errors, 0 left on base; Reno 5 - Mercer Island 6
TOP OF THE 8TH
Reno Silver Sox batting - Pitching for Mercer Island Screaming Eagles : RHP Tim Nesheim
Batting: RHB Juan Laguna 0-0: Swinging Strike
0-1: Called Strike
0-2: Ball
1-2: Foul Ball, location: 2F
1-2: Strikes out swinging
Batting: RHB Jean Lechuga 0-0: Called Strike
0-1: Ground out 6-3 (Groundball, 6)
Batting: RHB Carlos González 0-0: SINGLE (Line Drive, 9S)
Pinch Runner at 1st Marvin Overbeek:
Batting: RHB Armando Romero 0-0: Called Strike
0-1: Called Strike
0-2: Ball
1-2: Fly out, F8 (Flyball, 8LM)
Top of the 8th over - 0 runs, 1 hit, 0 errors, 1 left on base; Reno 5 - Mercer Island 6
BOTTOM OF THE 8TH
Mercer Island Screaming Eagles batting - Pitching for Reno Silver Sox : LHP Jim Gunther
Now at 1B: George Albaugh
Batting: SHB Jason Graham 0-0: Hit by Pitch
Batting: RHB Oliver Burrell 0-0: Called Strike
0-1: Ball
1-1: Foul Ball, location: 2F
1-2: Ball
2-2: Foul Ball, location: 2F
2-2: Ball
3-2: Foul Ball, location: 2F
3-2: Foul Ball, location: 2F
3-2: DOUBLE (Flyball, 78XD)
Jason Graham to third
Runner from 3rd tries for Home, SAFE, no throw
Batting: RHB Ed Bowers 0-0: Fly out, F6 (Line Drive, 56)
Batting: RHB Alfredo García 0-0: Ball
1-0: Swinging Strike
1-1: Ball
2-1: Ball
3-1: Swinging Strike
3-2: Strikes out looking
Batting: SHB Serious Lee 0-0: Ball
1-0: Ground out 3-1 (Groundball, 34S)
Bottom of the 8th over - 1 run, 1 hit, 0 errors, 1 left on base; Reno 5 - Mercer Island 7
TOP OF THE 9TH
Reno Silver Sox batting - Pitching for Mercer Island Screaming Eagles : RHP Tim Nesheim
Batting: LHB Luis Aranda 0-0: Ball
1-0: Swinging Strike
1-1: Ball
2-1: Ball
3-1: Base on Balls
Batting: RHB Spartak Gonjarov 0-0: Called Strike
0-1: Swinging Strike
0-2: Strikes out looking
Batting: RHB Rob Brooks 0-0: Called Strike
0-1: Swinging Strike
0-2: Ball
1-2: Strikes out looking
Batting: RHB Jong-beom Chang 0-0: Called Strike
0-1: Ball
1-1: Swinging Strike
1-2: Strikes out swinging
Top of the 9th over - 0 runs, 0 hits, 0 errors, 1 left on base; Reno 5 - Mercer Island 7
Friday, March 29th, 2019 - OOTP Baseball 18.8 Build 76